 Dungeon Crawl Stone Soup version 0.24-a0-446-g87df7205b4 (webtiles) character file.

Game seed: 17495646964509763247

247 Azzok the Shield-Bearer (level 6, -3/38 HPs)
             Began as an Octopode Transmuter on June 23, 2019.
             Killed from afar by Natasha (7 damage)
             ... with a magic dart
             ... on level 3 of the Dungeon.
             The game lasted 00:03:42 (3566 turns).

Azzok the Shield-Bearer (Octopode Transmuter)       Turns: 3566, Time: 00:03:43

Health: -3/38      AC:  1    Str:  9    XL:     6   Next: 11%
Magic:  9/9        EV: 12    Int: 17    God:
Gold:   80         SH:  9    Dex: 13    Spells: 8/9 levels left

rFire    . . .     SeeInvis .     - Unarmed
rCold    . . .     Gourm    +   e - +0 shield
rNeg     . . .     Faith    .   (helmet restricted)
rPois    .         Spirit   .   m - amulet of the gourmand (curse)
rElec    .         Reflect  .   (no ring)
rCorr    .         Harm     .   (no ring)
MR       .....                  (no ring)
Stlth    ++........             (no ring)
HPRegen  0.12/turn              (no ring)
MPRegen  0.11/turn              (no ring)
                                (no ring)
                                (no ring)

@: no status effects
A: almost no armour, stealthy swim, amphibious, 8 rings, constrict 8, camouflage
1, gelatinous body 1
a: no special abilities


You were on level 3 of the Dungeon.
You were not hungry.

You visited 1 branch of the dungeon, and saw 3 of its levels.

You collected 80 gold pieces.

Inventory:

Missiles
 a - 36 arrows
Armour
 e - a +0 shield (worn)
Jewellery
 m - a cursed amulet of the gourmand (around mantle)
 s - an uncursed ring of ice {unknown}
Scrolls
 d - a scroll of enchant armour {unknown}
 i - 2 scrolls of remove curse {unknown}
 j - 4 scrolls of identify {unknown}
 k - 2 scrolls of enchant weapon {unknown}
 l - a scroll of blinking {unknown}
 n - a scroll of noise {unknown}
 o - a scroll of fog {unknown}
 p - a scroll of fear {unknown}
 r - a scroll of teleportation {unknown}
Potions
 b - a potion of flight {unknown}
 f - a potion of degeneration {unknown}
 g - a potion of cancellation {unknown}
 h - 6 potions of curing {unknown}
 q - a potion of might
Comestibles
 c - 2 rations


   Skills:
 - Level 1.0 Fighting
 - Level 2.3 Dodging
 + Level 5.3 Shields
 - Level 3.2 Unarmed Combat
 - Level 2.0 Spellcasting
 - Level 2.2 Transmutations


You had 8 spell levels left.
You knew the following spells:

 Your Spells              Type           Power        Failure   Level  Hunger
a - Beastly Appendage     Tmut           #.....       26%         1    #......

Your spell library contained the following spells:

 Spells                   Type           Power        Failure   Level  Hunger
 Sticks to Snakes         Tmut           #.......     36%         2    ###....
 Spider Form              Tmut/Pois      #.........   77%         3    ###....
 Ice Form                 Ice/Tmut       #.......     99%         4    #####..
 Blade Hands              Tmut           #.........   100%        5    ######.


Dungeon Overview and Level Annotations

Branches:
Dungeon (3/15)

Altars:
Okawaru
Qazlal

Annotations:
D:3 Natasha


Innate Abilities, Weirdness & Mutations

You cannot wear most types of armour.
You are very stealthy in the water. (Stealth+)
You are amphibious.
You can wear up to eight rings at the same time.
You can use your tentacles to constrict eight enemies at once.
Your skin changes colour to match your surroundings (Stealth+).
Your rubbery body absorbs attacks. (AC +1, EV +1)


Message History

Natasha mumbles some strange words.
You barely miss Natasha.
Natasha is lightly wounded.
You constrict Natasha. Natasha completely misses you.
You tentacle-slap Natasha but do no damage.
Your squeeze misses Natasha.
Natasha is moderately wounded.
You constrict Natasha. Natasha misses you.
Your shield prevents you from hitting Natasha.
Your squeeze misses Natasha.
Natasha is heavily wounded.
You constrict Natasha, but do no damage.
Natasha claws you!
* * * LOW HITPOINT WARNING * * *
You tentacle-slap Natasha.
Natasha is severely wounded.
You constrict Natasha. Natasha casts a spell at you. The magic dart hits you!
You die...

▒▒▒▒▒▒▒▒▒······▒ ▒·····▒
▒······▒▒······▒ ▒·▒▒▒▒▒
▒······▒▒······▒ ▒·▒▒▒▒▒
▒······▒▒······▒▒ ▒·····▒
▒······▒▒▒▒▒▒···▒ ▒·····▒
▒·········▒·····▒▒▒·····▒
▒▒▒▒▒'▒▒▒···▒5▒···▒·····▒
▒▒▒▒ ▒·▒▒▒╬·▒▒h▒▒··▒···)·▒
···▒▒▒▒▒·▒▒···▒·@·▒··▒·····▒
·····▒'▒'▒▒··▒▒▒▒▒▒▒·▒·▒▒▒▒▒▒
··········<··▒ ▒··········
▒▒········▒··╬ ▒···▒▒▒▒<▒·
▒··········▒▒ ▒▒··▒
▒·······▒▒·▒ ▒··▒
▒··········▒ ╬·>·
▒▒'▒╬▒·▒····▒ ▒··▒▒
·····▒·▒····▒ ▒·▒▒


You could see Natasha and a shadow imp.

Vanquished Creatures
  Sigmund (D:3)
  Natasha (D:3)
  4 adders
  2 dart slugs (D:1)
  A leopard gecko (D:2)
  An orc (D:3)
  2 ball pythons (D:1)
  3 bats
  2 giant cockroaches
  3 hobgoblins
  4 frilled lizards
  6 goblins
  5 kobolds (D:1)
  3 rats
38 creatures vanquished.

Notes
Turn   | Place    | Note
-------+----------+-------------------------------------------
     0 | D:1      | Azzok the Octopode Transmuter began the quest for the Orb.
     0 | D:1      | Reached XP level 1. HP: 13/13 MP: 3/3
   330 | D:1      | Reached XP level 2. HP: 14/18 MP: 5/5
   747 | D:1      | Reached skill level 1 in Shields
  1354 | D:2      | Reached XP level 3. HP: 13/23 MP: 6/6
  1665 | D:2      | Reached skill level 2 in Shields
  2360 | D:2      | Found a stormy altar of Qazlal.
  2502 | D:3      | Reached XP level 4. HP: 15/28 MP: 7/7
  2882 | D:3      | Found an iron altar of Okawaru.
  2902 | D:3      | Reached skill level 3 in Shields
  3088 | D:3      | Noticed Sigmund
  3101 | D:3      | Killed Sigmund
  3101 | D:3      | Reached skill level 5 in Shields
  3101 | D:3      | Reached XP level 5. HP: 7/33 MP: 8/8
  3412 | D:3      | Noticed Natasha
  3419 | D:3      | Reached XP level 6. HP: 26/38 MP: 9/9
  3431 | D:3      | Killed Natasha
  3554 | D:3      | Noticed Natasha
  3566 | D:3      | Killed from afar by Natasha

Levels and vault maps discovered:
D:1:      noname_arrival_rooms_in_the_neighbourhood, layout_basic
D:2:      layout_loops_ring, lemuel_round_altar, first_ration
D:3:      layout_basic, okawaru_gym_becter, minmay_divided_ellipse,
          uniq_sigmund, uniq_grinder, uniq_natasha, uniq_crazy_yiuf_cottage

Skill      XL: |  1  2  3  4 |
---------------+-------------+-----
Shields        | 1 2 5 |  5.3
Fighting       | |  1.0
Dodging        | |  2.3
Unarmed Combat | |  3.2
Spellcasting   | |  2.0
Transmutations | |  2.2

Action                   |  1- 3 |  4- 6 || total
-------------------------+-------+-------++-------
Melee: Unarmed           |    72 |    47 ||   119
       Constrict         |    22 |     9 ||    31
       Tentacles         |    12 |    11 ||    23
       Punch             |     1 |       ||     1
  Use: Potion            |     1 |       ||     1
 Stab: Sleeping          |     3 |       ||     3
  Eat: Chunk             |     4 |     5 ||     9
       Ration            |       |     1 ||     1
Armor: Skin              |     3 |       ||     3
Dodge: Dodged            |    37 |    17 ||    54
Block: Shield            |    17 |    11 ||    28

Table legend:
 A = Non-vault XP
 B = Vault XP
 C = Vault XP percentage of total XP
 D = Non-vault monster count
 E = Vault monster count
 F = Vault count percentage of total count
                 A         B        C        D         E       F
            +---------+---------+-------+---------+---------+-------
      Total |     103 |     251 |  70.9 |      34 |       4 |  10.5
            +---------+---------+-------+---------+---------+-------
        D:1 |      32 |       0 |   0.0 |      20 |       0 |   0.0
        D:2 |      37 |       0 |   0.0 |       7 |       0 |   0.0
        D:3 |      34 |     251 |  88.1 |       7 |       4 |  36.4
            +---------+---------+-------+---------+---------+-------
